AoeStats
← Alexander

Arena

509255075Analyzed
4v4 RM · 7d ago on Sep 26, 2026· 49m 22s· 8 players
Game mode
Random Map
Map size
Large (8 player)
Population
200
Speed
Normal
Resources
Standard
Victory
Conquest
Starting age
Dark Age
Ending age
Imperial Age
RankedLock teamsTeams togetherTeam positionsShared explorationLock speedFull tech treeHidden civsTurbo modeCheats
Victory
Defeat
🇺🇸 Tatars · United States
954
+16
🇲🇽 Khmer · Mexico
922
+18
912
+18
🇨🇳 Danes · China
891
+19
🇺🇸 Britons · United States
1015
-20
🇪🇨 Aztecs · Ecuador
1002
-19
🇨🇱 Chinese · Chile
978
-19
🇺🇸 Goths · United States
836
-13
Magomi
2:52 Loom
11:09 Feudal Age
15:25 Castle Age
17:11 Wheelbarrow
16:34 Double-Bit Axe
16:56 Horse Collar
18:31 Gold Mining
19:45 Stone Mining
20:52 Gold Shaft Mining
22:40 Hand Cart
26:39 Bow Saw
26:30 Heavy Plow
27:08 Stone Shaft Mining
30:09 Imperial Age
30:08 Scale Mail Armor
30:19 Forging
30:15 Scale Barding Armor
30:46 Ballistics
31:25 Chain Mail Armor
31:13 Padded Archer Armor
31:57 Crop Rotation
31:21 Fletching
32:15 Conscription
31:39 Heavy Scorpion
33:36 Double Crossbow
33:38 Bodkin Arrow
33:54 Siege Engineers
34:50 Tusk Swords
38:10 Iron Casting
38:46 Chemistry
37:57 Husbandry
38:51 Leather Archer Armor
38:50 Masonry
41:02 Blast Furnace
40:41 Elite Ballista Elephant
46:18 Ring Archer Armor
48:53 Bloodlines
max
8:41 Loom
11:00 Feudal Age
12:14 Double-Bit Axe
15:02 Castle Age
13:45 Horse Collar
14:38 Stone Mining
16:04 Bow Saw
23:55 Wheelbarrow
25:10 Fletching
26:08 Town Watch
29:58 Imperial Age
27:58 Padded Archer Armor
28:04 Bodkin Arrow
31:33 Murder Holes
32:50 Light Cavalry
33:41 Bloodlines
37:19 Fortified Wall
37:40 Conscription
42:17 Husbandry
44:35 Leather Archer Armor
44:47 Bracer
44:48 Gold Mining
46:22 Hussar
48:02 Forging
47:57 Scale Barding Armor
Manchuria lmuberjack
10:41 Feudal Age
15:54 Castle Age
14:00 Double-Bit Axe
13:58 Horse Collar
15:01 Gold Mining
15:36 Stone Mining
22:02 Wheelbarrow
22:52 Bow Saw
23:59 Heavy Plow
25:22 Loom
26:18 Gold Shaft Mining
26:58 Hand Cart
33:23 Imperial Age
31:48 First Crusade
31:29 Fletching
32:59 Forging
32:50 Scale Mail Armor
33:07 Squires
32:53 Arson
33:25 Elite Serjeant
35:26 Crop Rotation
35:34 Iron Casting
35:14 Chain Mail Armor
35:49 Pikeman
36:29 Halberdier
37:42 Elite Skirmisher
39:59 Plate Mail Armor
40:29 Blast Furnace
40:19 Conscription
44:21 Capped Ram
开局一片田
10:32 Feudal Age
14:11 Castle Age
12:22 Double-Bit Axe
12:42 Horse Collar
15:39 Bow Saw
15:36 Heavy Plow
20:16 Wheelbarrow
21:45 Gold Mining
22:37 Hand Cart
22:55 Squires
23:10 Scale Mail Armor
23:20 Forging
25:32 Gold Shaft Mining
25:49 Pikeman
28:07 Chain Mail Armor
28:02 Forging
28:38 Loom
29:29 Town Watch
30:22 Iron Casting
36:00 Imperial Age
33:54 Stone Mining
36:03 Elite Varangian Guard
37:18 Plate Mail Armor
37:49 Blast Furnace
36:36 Arson
36:20 Capped Ram
37:25 Siege Ram
40:34 Conscription
39:38 Hamask
41:40 Stone Shaft Mining
43:15 Halberdier
45:51 Padded Archer Armor
45:41 Fletching
48:43 Thumb Ring
ITVE | Jose.Antonio.Paez
10:34 Feudal Age
11:40 Double-Bit Axe
14:46 Castle Age
12:44 Horse Collar
15:48 Bow Saw
16:19 Heavy Plow
18:08 Fletching
22:24 Ballistics
24:36 Wheelbarrow
23:47 Town Watch
23:48 Loom
25:59 Gold Mining
29:06 Imperial Age
26:32 Stone Mining
28:07 Hand Cart
27:52 Town Patrol
28:21 Bodkin Arrow
28:27 Padded Archer Armor
28:50 Scale Mail Armor
29:01 Forging
30:00 Leather Archer Armor
29:53 Bracer
30:11 Leather Archer Armor
31:02 Chemistry
31:05 Two-Man Saw
30:49 Gold Shaft Mining
30:51 Forging
30:45 Scale Mail Armor
30:47 Elite Longbowman
31:48 Yeomen
32:37 Ring Archer Armor
32:12 Scale Barding Armor
32:53 Squires
32:38 Arson
32:14 Pikeman
32:58 Husbandry
32:22 Light Cavalry
33:57 Iron Casting
33:37 Chain Mail Armor
34:32 Conscription
33:47 Capped Ram
34:28 Halberdier
36:33 Siege Engineers
37:46 Chain Barding Armor
38:28 Blast Furnace
40:30 Warwolf
41:42 Plate Mail Armor
41:47 Plate Barding Armor
44:20 Man-at-Arms
44:45 Gambesons
45:35 Long Swordsman
46:25 Two-Handed Swordsman
47:50 Champion
Alexander
10:41 Feudal Age
8:57 Loom
15:55 Castle Age
15:02 Double-Bit Axe
18:30 Wheelbarrow
17:41 Town Watch
18:14 Squires
20:46 Horse Collar
23:54 Forging
23:44 Eagle Warrior
25:12 Arson
26:17 Hand Cart
25:54 Pikeman
26:49 Gold Mining
28:31 Scale Mail Armor
29:21 Heavy Plow
35:39 Imperial Age
33:29 Chain Mail Armor
33:49 Iron Casting
34:00 Town Patrol
34:53 Iron Casting
34:48 Fletching
35:41 Capped Ram
36:45 Garland Wars
36:32 Siege Ram
37:41 Elite Eagle Warrior
45:34 Blast Furnace
45:05 Plate Mail Armor
gabrielc.c.f.c
11:50 Feudal Age
14:57 Feudal Age
16:34 Double-Bit Axe
16:38 Horse Collar
19:03 Castle Age
19:57 Bow Saw
19:51 Heavy Plow
28:14 Wheelbarrow
30:19 Squires
29:40 Pikeman
30:24 Anarchy
30:54 Hand Cart
IronWill
0:28 Loom
10:36 Feudal Age
14:56 Castle Age
13:19 Double-Bit Axe
13:42 Horse Collar
15:55 Bow Saw
18:42 Town Watch
20:33 Stone Mining
24:55 Wheelbarrow
25:46 Heavy Plow
26:38 Hand Cart
27:36 Crossbowman
28:51 Fletching
31:58 Imperial Age
29:30 Bodkin Arrow
29:36 Padded Archer Armor
31:02 Bloodlines
33:24 Imperial Age
32:32 Leather Archer Armor
34:39 Capped Ram
36:48 Chemistry
36:12 Thumb Ring
36:19 Bracer
36:23 Gold Mining
38:04 Ring Archer Armor
43:55 Heavy Rocket Cart
49:12 Ballistics
Connection lost

Rejoining the realm…

Still unreachable

The connection could not be restored.

Session expired

The server has moved on; the page needs a fresh start.